 Dungeon Crawl Stone Soup version 0.31.0-12-g77e489cdc1 (webtiles) character file.

Game seed: 706838336071136645

138 Ekaitz the Conjurer (level 5, -5/40 HPs)
             Began as a Draconian Conjurer on Mar 1, 2024.
             Was an Initiate of Dithmenos.
             Slain by Menkaure (11 damage)
             ... on level 4 of the Dungeon.
             The game lasted 00:05:52 (3655 turns).

Ekaitz the Conjurer (Draconian Conjurer)            Turns: 3655, Time: 00:05:52

Health: -5/40      AC: 11    Str: 10    XL:     5   Next: 1%
Magic:  5/8        EV: 12    Int: 18    God:    Dithmenos [......]
Gold:   142        SH:  0    Dex: 11    Spells: 1/8 levels left

rFire   . . .        d - +0 dagger
rCold   . . .        (no shield)
rNeg    . . .        (body armour unavailable)
rPois   .            (helmet restricted)
rElec   .            m - +0 cloak
rCorr   .            (no gloves)
SInv    .            q - +0 pair of boots
Will    .....        (no amulet)
Stlth   ++           p - +4 ring of protection
HPRegen 0.26/turn    (no ring)
MPRegen 0.11/turn

%: no passive effects
@: no status effects
A: AC +5, unfitting armour, cold-blooded
a: Renounce Religion


You were on level 4 of the Dungeon.
You worshipped Dithmenos.
Dithmenos was noncommittal.
You visited 1 branch of the dungeon, and saw 4 of its levels.

You collected 142 gold pieces.

Inventory:

Hand Weapons
 d - a +0 dagger (weapon)
Missiles
 h - a throwing net
 r - 12 poisoned darts
Armour
 m - a +0 cloak (worn)
 q - a +0 pair of boots (worn)
 s - the +0 toga "Victory" {*Victory Clar}
   (You found it on level 3 of the Dungeon)

   *Victory:  When the wearer kills a threatening monster, it has a chance to
   gain +1 AC, +1 Slay, and +1 Int, capping at +7.
   When the wearer uses a scroll or a potion with a hostile monster in sight,
   its bonuses reset to +0.
   Unequipping it also resets its bonuses to +0.
   Clar:      It protects you from confusion, rage, mesmerisation and fear.
Jewellery
 p - a +4 ring of protection (left hand)
Scrolls
 b - a scroll of noise {unknown}
 e - 2 scrolls of identify {unknown}
 f - 2 scrolls of vulnerability {unknown}
 g - a scroll of blinking {unknown}
 l - 2 scrolls of poison {unknown}
 n - a scroll of teleportation {unknown}
 t - a scroll of immolation {unknown}
Potions
 a - a potion of magic
 c - a potion of curing {unknown}
 i - a potion of heal wounds {unknown}
 j - 2 potions of degeneration {unknown}
 k - a potion of ambrosia {unknown}
 o - a potion of brilliance {unknown}
 u - a potion of might {unknown}


   Skills:
 * Level 1.2 Fighting
 + Level 0.1 Short Blades
 * Level 2.4 Dodging
 + Level 2.1 Stealth
 + Level 2.3 Spellcasting
 * Level 5.4 Conjurations
 * Level 0.3 Translocations


You had one spell level left.
You knew the following spells:

 Your Spells              Type           Power      Damage    Failure   Level
a - Magic Dart            Conj           84%        1d7       1%          1
b - Searing Ray           Conj           42%        2d6       2%          2
c - Iskenderun's Mystic   Conj/Tloc      12%        2d5       47%         4

Your spell library contained the following spells:

 Spells                   Type           Power      Damage    Failure   Level
 Ensorcelled Hibernation  Hex/Ice        4%         N/A       26%         2
 Fugue of the Fallen      Necr           2%         N/A       45%         3
 Fulminant Prism          Conj/Alch      5%         3d7       50%         4
 Fireball                 Conj/Fire      5%         3d5       85%         5
 Anguish                  Hex/Necr       1%         N/A       86%         4
 Cause Fear               Hex            1%         N/A       86%         4
 Enfeeble                 Hex            1%         N/A       100%        7
 Dragon's Call            Summ           1%         N/A       100%        9


Dungeon Overview and Level Annotations

Branches:
Dungeon (4/15)
 Temple: D:4-7

Altars:
Dithmenos
Nemelex Xobeh
The Shining One

Annotations:
D:3 Grinder
D:4 Menkaure


Innate Abilities, Weirdness & Mutations

Your plain brown scales are hard. (AC +5)
You cannot fit into any form of body armour.
You are cold-blooded and may be slowed by cold attacks.


Message History

Found 9 stones.
Menkaure and a phantom come into view.
Found 5 stones.
Menkaure shouts!
Menkaure moves out of view.
The magic dart hits the phantom.
The phantom is lightly damaged.
The magic dart hits the phantom but does no damage.
The phantom is lightly damaged.
Menkaure gestures wildly while chanting.
Menkaure seems to speed up.
Menkaure giggles, "These cerements are ticklish..."
Menkaure calls on the powers of darkness!
Your body is wracked with pain!
Menkaure calls on the powers of darkness!
Your body is wracked with pain!
* * * LOW HITPOINT WARNING * * *
There is a stone staircase leading up here.
Casting: Magic Dart (safe; 1% risk of failure)
Confirm with . or Enter, or press ? or * to list all spells.
Aiming: Searing Ray (safe; 2% risk of failure)
Press: ? - help, Shift-Dir - straight line, f/p - phantom
Aim: a phantom (69% to hit)
The searing ray misses the phantom.
The searing ray hits Menkaure!
Menkaure is moderately damaged. (Press . to maintain the ray.) Unknown command.
The searing ray hits the phantom.
The phantom is lightly damaged.
The searing ray hits Menkaure.
Menkaure is heavily damaged.
Menkaure calls on the powers of darkness!
Your body is wracked with pain!
* * * LOW HITPOINT WARNING * * *
The phantom hits you.
* * * LOW HITPOINT WARNING * * *
The phantom blinks!
You blink.
Unknown command.
The phantom barely misses you. Menkaure hits you!
You die...

### ###.# #...##
#.#..# ##W##.##
#..##@M### #####
##M####W..##....###
#..# ###..#.......
#.## ##......#
#.#### ##<....#
#...(# #.#.###
#..#W## #.#..###
#..#..## #.# ...
#.###WM# #.# ..##


You could see a phantom and Menkaure (fast).

Vanquished Creatures
  3 gnolls (D:2)
  4 adders
  2 dart slugs (D:2)
  4 ribbon worms
  4 orcs (D:3)
  A ball python (D:3)
  2 bats
  6 endoplasms
  3 giant cockroaches
  5 hobgoblins
  4 jackals (D:1)
  7 kobolds
  A quokka (D:1)
  A frilled lizard (D:2)
  4 goblins
  5 rats
56 creatures vanquished.

Notes
Turn   | Place    | Note
-------+----------+-------------------------------------------
     0 | D:1      | Ekaitz the Draconian Conjurer began the quest for the Orb.
     0 | D:1      | Reached XP level 1. HP: 14/14 MP: 3/3
   323 | D:1      | Reached XP level 2. HP: 20/20 MP: 0/5
   326 | D:1      | Learned a level 2 spell: Searing Ray
  1580 | D:2      | Reached XP level 3. HP: 14/26 MP: 1/6
  1851 | D:2      | Reached skill level 5 in Conjurations
  1917 | D:2      | Reached XP level 4. HP: 29/34 MP: 1/7
  2579 | D:3      | Found a glowing golden altar of the Shining One.
  2602 | D:3      | Reached skill level 1 in Fighting
  2684 | D:3      | Learned a level 4 spell: Iskenderun's Mystic Blast
  2714 | D:3      | Found a sparkling altar of Nemelex Xobeh.
  2852 | D:3      | Found the +0 toga "Victory" {*Victory Clar}
  2853 | D:3      | Found a shadowy altar of Dithmenos.
  2869 | D:3      | Became a worshipper of Dithmenos the Shadowed
  3192 | D:3      | Noticed Grinder
  3205 | D:3      | Paralysed by Grinder for 3 turns
  3290 | D:3      | Reached XP level 5. HP: 40/40 MP: 4/8
  3621 | D:4      | Noticed Menkaure
  3621 | D:4      | Noticed a phantom
  3655 | D:4      | Slain by Menkaure

Illustrated notes

Levels and vault maps discovered:
D:1:      psy_arrival_radial02, layout_basic
D:2:      layout_basic, interstate_on_off
D:3:      layout_loops_ring, tso_metal_star, grunt_dithmenos_smoke,
          mainiacjoe_overflow_alcove_4, uniq_grinder
D:4:      layout_rooms, serial_shops, nicolae_shop_behind_doors, uniq_menkaure

Skill      XL: |  1  2  3  4 |
---------------+-------------+-----
Dodging        | 2 |  2.4
Conjurations   | 5 |  5.4
Stealth        | 2 |  2.1
Fighting       | 1 |  1.2
Short Blades   | |  0.1
Spellcasting   | |  2.3
Translocations | |  0.3

Action                     |  1- 3 |  4- 6 || total
---------------------------+-------+-------++-------
  Melee: Dagger            |    39 |     7 ||    46
         Tailslap          |     7 |       ||     7
   Cast: Magic Dart        |    48 |    42 ||    90
         Searing Ray       |     7 |     6 ||    13
 Armour: Skin              |    27 |    13 ||    40
  Dodge: Dodged            |    44 |    12 ||    56
